← All builds
Geo / Armada / Economy first / OBSERVED BUILD

Sharpshooter snipers

Armada Geo build order · Supreme Isthmus

Geo takes an Advanced Bot Lab and fields T2 Sharpshooter snipers from 8:17, slightly ahead of the role's usual T2 unit timing, before moving into its normal T2 supply role.

Usually blows up the commander for T2 (68%)

#t2 · 39 distinct matches · 25 players · 1% of Armada Geo games · team won 40% of 40 · Recently observed

THE CATCH, AND WHAT COMES WITH IT
  • SharpshooterT2 bot snipers from 8:41 · 3% of role by thenFrom the Advanced Bot Lab. Only 3% of Geo games have it by then; others who build it get it around 9:32
  • Advanced Bot LabAdvanced Bot Lab in 100%7% of all Geo games by then
  • SmugglerJammer bot in 90%3% of all Geo games by then
  • SharpshooterSniper bot in 45%3% of all Geo games by then
  • SprinterSprinter in 43%5% of all Geo games by then

Where those units first fight, in 40 games with kill data: in the middle 88%, on their own side 13%.

Those units destroy a typical 4,452 metal of enemy units by 15:00.

Then transitions into Welder (11% of army).

HOW TO PLAY IT

Key timing: Advanced Bot Lab by 6:51

  1. Open mex and wind into geo, standard Geo eco start.
  2. Rush Advanced Bot Lab straight off geothermal power.
  3. Pump Sharpshooter sniper bots to hold the middle.
  4. Add jammer bot support behind the snipers for cover.
  5. Shift build power to T2 cons and supply allies as usual.

Phase by phase

TYPICAL OF ITS 39 GAMES · AGAINST STANDARD GEO
  1. 1
  2. 2
  3. 3
  4. 4
  5. 5
PLAY THE OPENING

Follow the example game's first 9:41 step by step: what to build now, what comes next, and where it goes. At 1× it keeps pace with your own game.

  1. 1

    Up to the Bot Lab

    Economy
    • Metal Extractor3Mex
    • Wind Turbine4Wind
    Order
    1. Bot LabBot Lab after 3 mex, 4 winddone ~1:12, middle half 0:59–1:22

    By 0:55 in all: 3 mex · 4 wind

    The example game in this phase · 5 steps
    1. Mex ×2
    2. Wind
    3. Mex
    4. Wind ×3
    5. Bot LabBot Labdone 1:21 · typical 1:12
  2. 2

    Bot Lab to 5:00

    Economy
    • Metal Extractor2Mex
    • Wind Turbine4Wind
    • Energy Converter7Converter
    • Energy Storage1Energy storage
    Order
    1. Geothermal PowerplantGeo after 4 mex, 6 wind
    2. Bot LabEat Bot Lab
    Builders
    • Construction Turret5 Con turret
    • Lazarus4 Lazarus
    • Construction Bot2 Con bot
    • Lazarus1 Lazarus for allies
    • Construction Bot1 Con bot for allies

    By 5:00 in all: 4 mex · 7 wind · 1 geo · 7 converter · 1 energy storage · 5 con turret

    The example game in this phase · 28 steps
    1. LazarusLazarus
    2. Wind
    3. LazarusLazarus ×2
    4. Construction BotCon bot
    5. LazarusLazarus
    6. Construction BotCon bot
    7. CenturionCenturionfor Air
    8. Mex
    9. Geothermal PowerplantGeodone 3:32 · typical 3:28
    10. Energy storage
    11. Wind
    12. Con turret
    13. Wind
    14. Con turret
    15. Wind
    16. Con turret
    17. Converter
    18. Wind
    19. Converter
    20. Con turret
    21. Converter
    22. Bot LabEat Bot Labreclaimed for its metal
    23. Wind
    24. Advanced Geothermal PowerplantAdvanced Geothermal Powerplantdone 7:07 · typical 7:25
    25. Advanced Metal ExtractorT2 mexdone 5:25 · typical 5:41
    26. Converter
    27. Advanced Metal ExtractorT2 mex
    28. Con turret
  3. 3

    5:00 to Advanced Bot Lab

    Order
    1. Advanced Geothermal PowerplantAdvanced Geothermal Powerplant after 11 wind, 9 converter, 6 con turretin 55% of games
    2. Advanced Bot LabAdvanced Bot Lab after 11 wind, 9 converter, 6 con turretdone ~7:43, middle half 5:32–8:13

    Some games also: con turret (45%) · converter (43%) · wind (40%)

    By 6:58 in all: 4 mex · 11 wind · 1 geo · 1 Advanced Geothermal Powerplant · 9 converter · 1 energy storage

    The example game in this phase · 6 steps
    1. Wind ×2
    2. Advanced Metal ExtractorT2 mex
    3. Wind
    4. Con turret
    5. Advanced Metal ExtractorT2 mex
    6. Advanced Bot LabAdvanced Bot Labdone 7:49 · typical 7:43
  4. 4

    Advanced Bot Lab to T2 bot snipers

    Order
    1. SharpshooterT2 bot snipers after 16 wind, 12 converter, 6 con turretdone ~8:53, middle half 7:54–9:40

    Some games also: converter (48%) · T2 con bot for allies (43%) · wind (35%) · Butler (30%) · radar bot (30%)

    By 8:36 in all: 4 mex · 16 wind (standard 12) · 1 geo · 1 Advanced Geothermal Powerplant · 12 converter · 1 energy storage

    The example game in this phase · 8 steps
    1. Converter ×5
    2. Advanced Construction BotT2 con botfor Front
    3. Converter ×3
    4. ButlerButler ×2
    5. Converter
    6. ButlerButler
    7. Converter ×2
    8. SharpshooterSniper botdone 8:35 · typical 8:53
  5. 5

    T2 bot snipers to 15:00

    Economy
    • Wind Turbine68Wind+48 vs standard
    • Energy Converter14Converter+11 vs standard
    Builders
    • Construction Turret3 Con turret +2 vs standard
    • Butler3 Butler +3 vs standard
    • Advanced Construction Bot1 T2 con bot
    Army
    • Sharpshooter5 Sniper bot +5 vs standard
    • Smuggler1 Jammer bot
    • Compass1 Radar bot

    Some games also: T2 con bot for allies (50%) · fusion (40%) · Welder (38%) · eat Advanced Bot Lab (35%)

    The standard build makes here, this one skips: 7 Jaguar · 4 Starlight

    By 15:00 in all: 4 mex · 82 wind (standard 36) · 1 geo · 1 Advanced Geothermal Powerplant · 27 converter (standard 19) · 1 energy storage

    The example game in this phase · 110 steps
    1. Wind
    2. Converter
    3. Wind
    4. SharpshooterSniper bot
    5. Wind ×3
    6. SharpshooterSniper bot
    7. Wind ×3
    8. SharpshooterSniper bot
    9. Wind ×3
    10. SmugglerJammer bot
    11. Wind
    12. CompassRadar bot
    13. Wind
    14. Advanced Construction BotT2 con bot
    15. Wind ×2
    16. UmbrellaAnti-nukedone 10:11
    17. Wind ×2
    18. ArbalestArbalest
    19. Wind ×2
    20. Con turret
    21. Wind ×11
    22. ArbalestArbalest
    23. Wind
    24. SharpshooterSniper bot
    25. Wind ×3
    26. SharpshooterSniper bot
    27. Wind
    28. Con turret
    29. Wind ×6
    30. ButlerButler
    31. Wind
    32. ButlerButler
    33. Wind
    34. ButlerButler
    35. Wind ×2
    36. TracerTracer
    37. Wind ×2
    38. ButlerButler
    39. Wind ×3
    40. ButlerButler
    41. Wind ×6
    42. ButlerButler
    43. Wind ×2
    44. Converter
    45. Wind ×3
    46. ButlerButler
    47. Wind ×5
    48. ButlerButler
    49. Wind ×2
    50. Converter
    51. Wind ×2
    52. ButlerButler
    53. Wind
    54. Converter
    55. Wind ×8
    56. Converter
    57. Wind ×8
    58. Converter
    59. Wind
    60. PlatypusPlatypus
    61. Wind ×7
    62. PlatypusPlatypus
    63. Converter
    64. Wind ×5
    65. Converter
    66. Wind ×3
    67. PlatypusPlatypus
    68. Wind ×2
    69. Converter
    70. Wind ×3
    71. PlatypusPlatypus
    72. Wind ×3
    73. Converter
    74. Wind ×3
    75. PlatypusPlatypus
    76. Converter
    77. Wind ×6
    78. Converter
    79. PlatypusPlatypus
    80. Wind ×3
    81. Converter
    82. Wind ×3
    83. PlatypusPlatypus
    84. Wind ×3
    85. Converter
    86. Wind
    87. PlatypusPlatypus
    88. Wind ×3
    89. Converter
    90. Wind ×3
    91. PlatypusPlatypus
    92. Wind ×3
    93. Converter
    94. Wind ×5
    95. Fusion ReactorFusionnot finished by 15:00
    96. Wind
    97. Converter
    98. Wind ×5
    99. Converter
    100. Wind ×5
    101. Converter
    102. Wind ×4
    103. Converter
    104. Wind ×6
    105. Converter
    106. Wind ×5
    107. Converter
    108. Wind ×5
    109. Converter
    110. Wind

Counts are medians over the build's games: half of them build more, half fewer. The example game is [NWP]Bertus9912's (31 OS, 26/09/2026); pick another.

Team trades

IN AT LEAST 30% OF ITS GAMES

You hand over

  • Lazarus1 Lazarus to Beach sea or Suicide frontfirst at 2:16 · in 75% of games
  • Construction Bot1 Con bot to Beach seafirst at 2:33 · in 83% of games
  • Advanced Construction Bot1 T2 con bot to Suicide front or Frontfirst at 8:43 · in 80% of games

You get

  • Hercules1 Light transport from Airfirst at 3:11 · in 40% of games
  • Advanced Construction Bot1 T2 con bot from Techfirst at 4:46 · in 73% of games

How it plays out

Typical game of this build against the role’s standard build, running totals by minute

  • This build
  • Standard geo

Metal produced

020k40k
0:005:0010:0015:00

metal

Enemy metal destroyed

05k10k15k
0:005:0010:0015:00

metal

Own metal lost

02k4k6k
0:005:0010:0015:00

metal

40 games.

Show as table
ByMetal produced: This buildMetal produced: Standard geoEnemy metal destroyed: This buildEnemy metal destroyed: Standard geoOwn metal lost: This buildOwn metal lost: Standard geo
1:003413330000
2:008668590000
3:00156015270000
4:00273926700000
5:00376536940000
6:00575856380000
7:0075568026210690
8:0010659113462601890
9:0013460144061084321484
10:001617217280843472257198
11:00193822012512011745529520
12:0022116229952736361813781605
13:0025408257354636583719312970
14:0028443285896052823930164432
15:00322653136069831017238755586
WHAT THE NUMBERS SAY

Team won less than the standard build despite the snipers' kills, and killed less enemy metal by 15:00 than standard.

  • + Reaches T2 bot lab far earlier than 86% norm of role
  • + Fields T2 bot support (jammer) when almost no one else does by 8:52
  • − Team win rate 35% vs 54% for standard build
  • − Metal produced trails standard by 10:00 (15895 vs 17434)
THE EXAMPLE YOU ARE READING

[NWP]Bertus9912

30.6 OS · 26/09/2026

Open source match ↗

2 received units · includes a constructor
1054 metal received · 43819 energy received

Allied construction assistance is unknown. Timings are observations, not a promise of solo reproducibility.

Typical milestones

Bot Lab1:12Middle 50%: 0:59–1:22 · n=40
Geothermal Powerplant3:28Middle 50%: 3:16–3:44 · n=38
Advanced Metal Extractor5:41Middle 50%: 5:27–6:06 · n=40
Advanced Geothermal Powerplant7:25Middle 50%: 7:02–8:25 · n=31
Advanced Bot Lab7:43Middle 50%: 5:32–8:13 · n=40
Sharpshooter8:53Middle 50%: 7:54–9:40 · n=40

Played most by

[NWP]Bertus99127games of this build[Crd]Mind_The_Gap5games of this buildImmort4games of this buildhaaven3games of this build_Trixtreous_1game of this build